Map: New Gettysburg LE

Players

Stats - Winner!

  • Race: Protoss Protoss

Zest

  • Race: Protoss Protoss

Event: 2016 WCS Global Finals

VOD

Have the link to the VOD?

Description

Time

  • Played on: Nov. 4, 2016, 7:21 p.m.
  • Length: 16:00

All games in this series

Show
View Real Time Build Order
Export as new Build Order

Stats Protoss - Winner!

Build Orders: 1 Gate Expand 

Get SALT Encoding   

  12  0:01  Probe (Chrono Boost)  
  13  0:11  Probe (Chrono Boost)  
  14  0:18  Pylon  
  14  0:22  Probe (Chrono Boost)  
  15  0:36  Probe (Chrono Boost)  
  15  0:38  Gateway  
  16  0:43  Assimilator  
  16  0:47  Probe (Chrono Boost)  
  17  0:57  Probe (Chrono Boost)  
  18  1:08  Probe (Chrono Boost)  
  19  1:21  Nexus  
  19  1:30  Cybernetics Core  
  19  1:33  Probe (Chrono Boost)  
  19  1:38  Assimilator  
  20  1:43  Probe (Chrono Boost)  
  21  1:49  Pylon  
  22  1:54  Probe (Chrono Boost)  
  22  1:56  Warp Gate  
  22  2:03  Stalker  
  22  2:06  Probe (Chrono Boost)  
  25  2:20  Mothership Core (Chrono Boost)  
  27  2:29  Stalker  
  29  2:39  Probe (Chrono Boost)  
  29  2:40  Probe (Chrono Boost)  
  31  2:51  Probe (Chrono Boost)  
  33  2:52  Probe (Chrono Boost)  
  33  2:53  Gateway  
  33  2:55  Stalker  
  35  3:08  Probe x2 (Chrono Boost)  
  35  3:12  Pylon  
  35  3:16  Robotics Facility  
  34  3:24  Probe x2 (Chrono Boost)  
  36  3:28  Stalker  
  38  3:38  Probe x2 (Chrono Boost)  
  42  3:50  Probe x2 (Chrono Boost)  
  42  3:51  Twilight Council  
  42  3:52  Pylon  
  42  4:01  Probe x2 (Chrono Boost)  
  44  4:03  Observer  
  45  4:11  Probe (Chrono Boost), Pylon, Stalker  
  45  4:12  Probe (Chrono Boost)  
  45  4:14  Stalker  
  45  4:16  Resonating Glaives  
  51  4:32  Immortal  
  55  4:38  Gateway  
  55  4:39  Gateway  
  55  4:45  Gateway  
  55  4:50  Gateway  
  55  4:53  Adept  
  55  4:57  Adept  
  59  5:02  Pylon  
  59  5:06  Warp Prism  
  62  5:15  Probe (Chrono Boost)  
  63  5:22  Pylon, Probe (Chrono Boost)  
  63  5:24  Pylon  
  63  5:25  Adept x2  
  67  5:35  Pylon  
  67  5:42  Adept x3  
  73  5:43  Adept  
  73  5:49  Adept x2  
  79  6:11  Adept x5  
  79  6:12  Adept  
  91  6:30  Pylon  
  91  6:31  Pylon  
  89  6:33  Pylon  
  89  6:38  Adept x4  
  93  6:52  Adept x2  
  97  6:59  Adept  
  97  7:00  Adept x3  
  93  7:03  Probe x2 (Chrono Boost)  
  89  7:11  Assimilator  
  89  7:14  Adept x2  
  93  7:25  Assimilator  
  93  7:26  Robotics Bay  
  95  7:30  Probe x2 (Chrono Boost)  
  95  7:39  Immortal  
  95  7:49  Probe x2 (Chrono Boost)  
  101  7:55  Adept x5  
  101  7:56  Adept  
  113  8:03  Pylon  
  113  8:10  Pylon  
  113  8:13  Pylon, Disruptor  
  116  8:23  Nexus  
  116  8:39  Adept x5  
  126  8:41  Adept  
  125  8:56  Pylon  
  125  8:58  Pylon  
  103  9:05  Adept x4  
  103  9:06  Adept x2  
  79  9:24  Disruptor  
  80  9:32  Adept x6  
  92  9:49  Nexus  
  92  9:56  Sentry x2  
  92  9:57  Adept, Sentry  
  92  9:59  Sentry x2  
  104  10:07  Observer  
  104  10:28  Adept x2, Stalker x3  
  104  10:30  Adept  
  94  11:02  Adept x2  
  94  11:03  Adept x2  
  79  11:24  Adept x4  
Show
View Real Time Build Order
Export as new Build Order

Zest Protoss 

Build Orders: Blink Stalkers 

Get SALT Encoding   

  12  0:00  Probe (Chrono Boost)  
  13  0:11  Probe (Chrono Boost)  
  14  0:17  Pylon  
  14  0:22  Probe (Chrono Boost)  
  15  0:36  Probe (Chrono Boost)  
  15  0:38  Gateway  
  16  0:43  Assimilator  
  16  0:46  Probe (Chrono Boost)  
  18  0:57  Probe (Chrono Boost)  
  18  0:58  Assimilator  
  18  1:05  Gateway  
  18  1:08  Probe (Chrono Boost)  
  20  1:18  Probe (Chrono Boost)  
  20  1:25  Cybernetics Core  
  20  1:29  Probe (Chrono Boost)  
  21  1:32  Pylon  
  21  1:39  Probe (Chrono Boost)  
  22  1:50  Probe (Chrono Boost)  
  23  1:56  Warp Gate  
  25  2:02  Adept x2, Mothership Core (Chrono Boost)  
  29  2:10  Pylon  
  29  2:29  Stalker x2  
  33  2:55  Nexus  
  33  2:59  Sentry  
  33  3:02  Probe (Chrono Boost)  
  37  3:12  Probe (Chrono Boost)  
  37  3:13  Twilight Council  
  35  3:23  Probe (Chrono Boost)  
  36  3:33  Probe (Chrono Boost)  
  37  3:44  Probe (Chrono Boost)  
  37  3:45  Blink  
  38  3:55  Probe (Chrono Boost)  
  39  4:00  Nexus  
  39  4:03  Oracle  
  39  4:06  Probe (Chrono Boost)  
  39  4:07  Probe (Chrono Boost)  
  41  4:17  Probe (Chrono Boost)  
  41  4:18  Probe (Chrono Boost)  
  41  4:20  Pylon  
  43  4:28  Probe x2 (Chrono Boost)  
  44  4:38  Gateway, Probe (Chrono Boost)  
  44  4:39  Gateway, Probe (Chrono Boost)  
  44  4:44  Sentry x2  
  49  4:49  Probe (Chrono Boost)  
  49  4:50  Probe (Chrono Boost)  
  51  4:53  Robotics Facility  
  52  5:01  Pylon  
  51  5:12  Gateway  
  51  5:15  Gateway x2  
  51  5:21  Stalker x2  
  51  5:26  Pylon  
  55  5:33  Resonating Glaives  
  55  5:35  Stalker  
  55  5:36  Stalker  
  55  5:37  Observer  
  60  5:43  Adept x2  
  64  5:50  Gateway  
  64  5:56  Immortal  
  64  6:02  Adept  
  64  6:03  Adept  
  72  6:13  Adept x2  
  76  6:19  Adept  
  78  6:27  Adept  
  78  6:28  Adept  
  78  6:31  Adept  
  84  6:38  Adept  
  86  6:44  Adept x2  
  90  6:49  Adept  
  92  6:57  Adept  
  92  6:59  Pylon  
  92  7:00  Adept  
  89  7:06  Adept x2  
  81  7:12  Zealot x4  
  89  7:17  Assimilator  
  89  7:24  Warp Prism  
  89  7:25  Adept  
  89  7:26  Adept x2  
  97  7:43  Adept x2  
  101  7:48  Pylon  
  101  7:56  Pylon  
  101  8:01  Pylon  
  101  8:08  Probe x3 (Chrono Boost)  
  101  8:10  Adept x2  
  108  8:13  Pylon  
  108  8:14  Pylon  
  108  8:15  Adept x4  
  108  8:16  Pylon  
  116  8:23  Observer  
  117  8:36  Adept x4  
  125  8:52  Adept x4  
  97  9:03  Adept x4  
  67  9:19  Adept x4  
  71  9:27  Observer  
  71  9:41  Adept x8  
  87  9:49  Immortal  
  91  10:05  Adept x5  
  101  10:12  Adept x2  
  105  10:19  Assimilator  
  105  10:26  Immortal  
  109  10:49  Stalker x6  
  12  12:59  Stalker  
Tags
 
Add a new tag
Caveats
  • Supply blocks, unpowered buildings, or Contaminate may cause inaccurate times.
  • Supply counts are checked every 10 seconds.